[Event "Titled Tuesday Blitz May 9 Late 2023"]
[White "Schnaider, Ilan"]
[Black "Peng, Li Min"]
[WhiteFideId "169013"]
[BlackFideId "14112620"]
[WhiteElo "2224"]
[BlackElo "2436"]
[Result "0-1"]
[Round "03"]
[TimeControl "180+2"]
[Date "2023.05.09"]
[WhiteClock "0:00:07"]
[BlackClock "0:00:05"]

1. e4 Nc6 2. Bc4 e6 3. Nf3 d5 4. exd5 exd5 5. Be2 Bd6 6. d4 h6 7. O-O Nf6 8. Re1 O-O 9. h3 Bf5 10. Bd3 Bxd3 11. Qxd3 Re8 12. Be3 a5 13. c3 a4 14. Nbd2 Qd7 15. b3 a3 16. c4 Nb4 17. Qb1 Ne4 18. c5 Bf8 19. Ne5 Rxe5 20. dxe5 Nc3 21. Qc1 d4 22. Nf3 dxe3 23. Qxc3 exf2+ 24. Kxf2 Nd3+ 25. Kg1 Nxe1 26. Rxe1 Qd5 27. Rc1 b6 28. cxb6 cxb6 29. Kh1 Rd8 30. Qc7 b5 31. Rf1 Re8 32. Re1 b4 33. Qc2 Rd8 34. Rf1 Bc5 35. Rc1 Be3 36. Re1 Qd3 37. Qc7 Bf2 38. Rc1 Bg3 39. Rg1 Re8 40. Qc6 Re6 41. Qc8+ Kh7 42. Qc1 Bxe5 43. Rd1 Qf5 44. Re1 Bf6 45. Rf1 Bb2 46. Qd1 Rf6 47. Nd2 Qg6 48. Rxf6 Bxf6 49. Nf3 Qe4 50. Kh2 g5 51. Kh1 h5 52. Nh2 Kg6 53. Nf1 Bd4 54. Ng3 Qe5 55. Qxh5+ Kg7 56. Qf3 Qe1+ 57. Nf1 Be5 58. Qf5 Bf6 59. Qf3 Qa1 60. Qf2 Qb2 61. Qf3 Qxa2 62. Ng3 Qa1+ 63. Nf1 Qe5 64. h4 gxh4 65. Ne3 Qg5 66. Nf5+ Kg6 67. Nd6 Qc1+ 68. Qf1 Qxf1+ 69. Kh2 Be5+ 70. Kh3 Qh1+ 71. Kg4 Qxg2+ 72. Kxh4 Qg3# 0-1


[Site "https://www.chess.com"]

[Event "Titled Tuesday Blitz May 9 Late 2023"]
[White "Grigorov, Grigor"]
[Black "Hollan, Petr"]
[WhiteFideId "2907313"]
[BlackFideId "360945"]
[WhiteElo "2510"]
[BlackElo "2254"]
[Result "1-0"]
[Round "03"]
[TimeControl "180+2"]
[Date "2023.05.09"]
[WhiteClock "0:00:21"]
[BlackClock "0:00:12"]

1. d4 Nf6 2. Nf3 e6 3. Bg5 d5 4. Nbd2 Be7 5. e3 Nbd7 6. Bd3 c5 7. c3 a6 8. Ne5 Nxe5 9. dxe5 Nd7 10. Bxe7 Qxe7 11. f4 g6 12. O-O O-O 13. Qe1 f6 14. exf6 Qxf6 15. e4 Nb6 16. e5 Qg7 17. Qe3 Qe7 18. Nf3 Bd7 19. Ng5 d4 20. cxd4 Nd5 21. Qg3 cxd4 22. Ne4 Bc6 23. a3 Ne3 24. Rf2 Bxe4 25. Bxe4 Rac8 26. Re1 Rc7 27. Rd2 Qc5 28. h4 Nc4 29. Rc1 Nxd2 30. Rxc5 Nxe4 31. Qg4 Nxc5 32. b4 Ne4 33. Qxe6+ Rff7 34. Qd5 Nc3 35. Qd8+ Kg7 36. e6 Rfe7 37. Qxd4+ Kh6 38. Qe5 Rc6 39. f5 Nb5 40. Qf4+ 1-0


[Site "https://www.chess.com"]

[Event "Titled Tuesday Blitz May 9 Late 2023"]
[White "Kollars, Dmitrij"]
[Black "Omranalhosani21"]
[WhiteFideId "12909572"]
[WhiteElo "2584"]
[BlackElo "2610"]
[Result "1-0"]
[Round "03"]
[TimeControl "180+2"]
[Date "2023.05.09"]
[WhiteClock "0:01:26"]
[BlackClock "0:00:00"]

1. Nf3 d5 2. g3 Nd7 3. d4 Nb6 4. Nc3 Bf5 5. a4 a5 6. Nh4 e6 7. Nxf5 exf5 8. Bh3 g6 9. O-O Bg7 10. Bg2 Nf6 11. Bg5 O-O 12. e3 c6 13. Qd3 Nc4 14. b3 Nd6 15. Ne2 Nde4 16. Bxf6 Bxf6 17. c4 Qb6 18. Rfc1 Bg7 19. Rc2 Rfc8 20. Rac1 Qd8 21. Nf4 dxc4 22. bxc4 Nf6 23. Rb1 Rc7 24. Rcb2 Qc8 25. Rb3 Nd7 26. c5 Rb8 27. Qc3 Ra8 28. h4 h6 29. Qc4 Nf8 30. d5 Be5 31. d6 Rd7 32. Nd3 Bf6 33. h5 Kg7 34. hxg6 fxg6 35. e4 fxe4 36. Qxe4 Rb8 37. Bh3 Qd8 38. Bxd7 Qxd7 39. Nf4 Bg5 40. Re1 Bxf4 41. Qxf4 Ne6 42. Qe5+ 1-0


[Site "https://www.chess.com"]

[Event "Titled Tuesday Blitz May 9 Late 2023"]
[White "Rasulov, Vugar"]
[Black "Taboas Rodriguez, Daniel"]
[WhiteFideId "13402390"]
[BlackFideId "2208466"]
[WhiteElo "2509"]
[BlackElo "2365"]
[Result "1-0"]
[Round "03"]
[TimeControl "180+2"]
[Date "2023.05.09"]
[WhiteClock "0:01:51"]
[BlackClock "0:00:18"]

1. d4 Nf6 2. c4 g6 3. Nc3 Bg7 4. e4 d6 5. h3 O-O 6. Be3 Nc6 7. Nf3 e5 8. d5 Nd4 9. Bd3 Nh5 10. O-O Nxf3+ 11. Qxf3 f5 12. exf5 Bxf5 13. Bxf5 Rxf5 14. Qg4 Nf4 15. Bxf4 Rxf4 16. Qe2 Qd7 17. Ne4 Raf8 18. f3 b6 19. b4 Bh6 20. Qd3 Rh4 21. c5 dxc5 22. bxc5 bxc5 23. Nxc5 Qf5 24. Ne4 Rd8 25. Rab1 Qf4 26. Rfe1 Bf8 27. g3 Bc5+ 28. Kg2 1-0


[Site "https://www.chess.com"]

[Event "Titled Tuesday Blitz May 9 Late 2023"]
[White "Yoo, Christopher Woojin"]
[Black "Richter, Paul"]
[WhiteFideId "30909694"]
[BlackFideId "2046350"]
[WhiteElo "2519"]
[BlackElo "2555"]
[Result "1-0"]
[Round "03"]
[TimeControl "180+2"]
[Date "2023.05.09"]
[WhiteClock "0:01:02"]
[BlackClock "0:00:11"]

1. e4 c5 2. Nf3 d6 3. d4 cxd4 4. Nxd4 Nf6 5. Nc3 g6 6. Be3 Bg7 7. f3 O-O 8. Qd2 Nc6 9. O-O-O d5 10. Qe1 e5 11. Nxc6 bxc6 12. exd5 Nxd5 13. Bc4 Be6 14. Kb1 Re8 15. h4 Qc7 16. Bb3 Rad8 17. Ne4 Nxe3 18. Qxe3 Bd5 19. h5 f5 20. hxg6 hxg6 21. Ng5 Qe7 22. c4 f4 23. cxd5 Qxg5 24. dxc6+ Kf8 25. Qc5+ Qe7 26. Qc4 Qf6 27. c7 e4 28. Qc5+ Rd6 29. Qxd6+ 1-0


[Site "https://www.chess.com"]

[Event "Titled Tuesday Blitz May 9 Late 2023"]
[White "Terry, Renato"]
[Black "Ibadov, Dashgyn"]
[WhiteFideId "3803457"]
[BlackFideId "24107514"]
[WhiteElo "2575"]
[BlackElo "2208"]
[Result "1-0"]
[Round "03"]
[TimeControl "180+2"]
[Date "2023.05.09"]
[WhiteClock "0:01:07"]
[BlackClock "0:00:00"]

1. e4 e6 2. d4 d5 3. exd5 exd5 4. Nf3 Nf6 5. Bd3 Bd6 6. Qe2+ Be6 7. Ng5 Qe7 8. O-O O-O 9. Nxe6 fxe6 10. f4 c5 11. c3 Nc6 12. Be3 cxd4 13. cxd4 Nb4 14. Bb5 a6 15. Ba4 Ne4 16. Nd2 Nxd2 17. Qxd2 b5 18. Bb3 a5 19. Bd1 a4 20. Bg4 a3 21. b3 Rac8 22. Rac1 h6 23. g3 Kh8 24. Rfe1 Qd7 25. Be2 Rxc1 26. Rxc1 Rc8 27. Rxc8+ Qxc8 28. Bxb5 Qc2 29. Qxc2 Nxc2 30. Bd2 Bb4 31. Bc1 Bc3 32. Kf1 Bxd4 33. Bd3 Nb4 34. Bb1 Bb2 35. Bd2 Nc6 36. b4 Kg8 37. b5 Nb8 38. Bg6 Nd7 39. Ke2 Bd4 40. Kd3 Bc5 41. Kc3 Kf8 42. Kb3 Ke7 43. Bc1 Kd6 44. Bxa3 Bxa3 45. Kxa3 Kc5 46. Kb3 e5 47. Bf5 Nb6 48. fxe5 Kxb5 49. a4+ Kc5 50. a5 Nc4 51. a6 Kb6 52. e6 Kxa6 53. Bd3 Kb6 54. e7 Nd6 55. Bg6 1-0


[Site "https://www.chess.com"]

[Event "Titled Tuesday Blitz May 9 Late 2023"]
[White "Livaic, Leon"]
[Black "Tologon tegin, Semetei"]
[WhiteFideId "14531534"]
[BlackFideId "13800574"]
[WhiteElo "2522"]
[BlackElo "2247"]
[Result "1-0"]
[Round "03"]
[TimeControl "180+2"]
[Date "2023.05.09"]
[WhiteClock "0:01:53"]
[BlackClock "0:00:06"]

1. d4 d5 2. c4 e6 3. Nc3 Nf6 4. Nf3 Nbd7 5. cxd5 exd5 6. Bg5 Be7 7. e3 c6 8. Bd3 Ne4 9. Bxe7 Qxe7 10. O-O Ndf6 11. Ne5 O-O 12. Qc2 Nxc3 13. bxc3 g6 14. c4 dxc4 15. Bxc4 Be6 16. a4 Nd5 17. Rfb1 f6 18. Nd3 b6 19. Qb3 Bf7 20. a5 b5 21. Bxd5 Bxd5 22. Qb4 Qe4 23. Nf4 a6 24. Rc1 Rac8 25. Nxd5 cxd5 26. Qd6 Ra8 27. Rc7 Rf7 28. Rxf7 Kxf7 29. Rc1 g5 30. h3 Kg6 31. Rc7 Qb1+ 32. Kh2 Qf5 33. Qe7 Kh6 34. Qg7+ Kh5 35. g4+ 1-0


[Site "https://www.chess.com"]

[Event "Titled Tuesday Blitz May 9 Late 2023"]
[White "Ozates, Tuna"]
[Black "Mekhitarian, Krikor Sevag"]
[WhiteFideId "6354521"]
[BlackFideId "2107660"]
[WhiteElo "2151"]
[BlackElo "2604"]
[Result "0-1"]
[Round "03"]
[TimeControl "180+2"]
[Date "2023.05.09"]
[WhiteClock "0:00:01"]
[BlackClock "0:00:05"]

1. e4 e6 2. d4 d5 3. exd5 exd5 4. Bd3 Nc6 5. c3 Bd6 6. Qf3 Nge7 7. Bf4 Be6 8. Ne2 Qd7 9. h3 O-O-O 10. Nd2 f6 11. O-O-O Ng6 12. Bxd6 Qxd6 13. g3 Rde8 14. h4 Qd7 15. Qg2 Bg4 16. f3 Bf5 17. Bb5 Kb8 18. Nb3 a6 19. Nc5 Qd6 20. Ba4 Re7 21. h5 Nf8 22. Nf4 Nd7 23. Qf2 Nb6 24. Bb3 Rhe8 25. Rhe1 Na5 26. Rxe7 Rxe7 27. Re1 Nac4 28. Rxe7 Qxe7 29. Nxd5 Nxd5 30. Bxc4 Qe3+ 31. Qxe3 Nxe3 32. Be2 a5 33. g4 Bc8 34. Kd2 Nd5 35. Nd3 c6 36. c4 Nc7 37. Nf4 h6 38. Bd3 Ne6 39. Nxe6 Bxe6 40. Kc3 b6 41. Be4 c5 42. d5 Bd7 43. Kd3 Kc7 44. Ke3 Kd6 45. Kf4 Bc8 46. Bf5 Ba6 47. b3 b5 48. Bd3 bxc4 49. bxc4 Bc8 50. Ke3 Ke7 51. Bf5 Ba6 52. Kd3 Kd6 53. f4 Bb7 54. Kc3 Ba6 55. Bc2 Bc8 56. Bf5 Ba6 57. Kb3 Kc7 58. Bd3 Bc8 59. Bf5 Ba6 60. Be6 Kd6 61. Kc3 Kc7 62. Kd3 Kd6 63. Kc3 Kc7 64. a3 Kd6 65. Bf5 Kc7 66. Bd3 Bc8 67. Bf5 Ba6 68. Kd3 Kd6 69. Bg6 Bc8 70. f5 Bd7 71. Bf7 Ba4 72. Kc3 Bd1 73. Bg6 Bxg4 74. Kb3 Bd1+ 75. Kc3 Ba4 76. Kd3 Ke5 77. Kc3 Bd7 78. Kb3 Kd4 79. d6 Ke5 80. Kc3 Kxd6 81. Kd3 Ke5 82. Ke3 Bxf5 0-1


[Site "https://www.chess.com"]

[Event "Titled Tuesday Blitz May 9 Late 2023"]
[White "Amburgy, Ryan"]
[Black "Avalos Parra, Joao"]
[WhiteFideId "30924820"]
[BlackFideId "3402541"]
[WhiteElo "2134"]
[BlackElo "2173"]
[Result "1-0"]
[Round "03"]
[TimeControl "180+2"]
[Date "2023.05.09"]
[WhiteClock "0:00:15"]
[BlackClock "0:00:04"]

1. d4 d5 2. c4 e6 3. Nc3 Nf6 4. Nf3 Bb4 5. Qa4+ Nc6 6. a3 Bxc3+ 7. bxc3 Ne4 8. Bf4 O-O 9. e3 Nxc3 10. Qc2 Ne4 11. Bd3 f5 12. cxd5 exd5 13. O-O Kh8 14. Rab1 Ne7 15. Bxc7 Qe8 16. Ne5 Ng6 17. f3 Nxe5 18. Bxe5 Ng5 19. Qc7 Ne6 20. Qd6 Qd8 21. Qxd8 Nxd8 22. Rfc1 Nc6 23. Bf4 Kg8 24. Rc5 Rd8 25. Rbb5 a6 26. Rb6 Kf7 27. Bxa6 Rxa6 28. Rxa6 bxa6 29. Rxc6 h6 30. Be5 Be6 31. Rxa6 Rd7 32. h4 Rb7 33. h5 Rb3 34. Kf2 Rb7 35. a4 Bc8 36. Ra8 Bd7 37. a5 Bb5 38. Rd8 Bc4 39. Rd6 Rb2+ 40. Kg3 Bf1 41. Kf4 Rxg2 42. Rd7+ Ke6 43. Rxg7 Ra2 44. Rg6+ Ke7 45. Bc7 Ra3 46. Rxh6 Bd3 47. Bb6 Ra2 48. Rg6 Rf2 49. Rg3 Rh2 50. Kg5 Ke6 51. h6 Kf7 52. Rg1 Rh3 53. Kf4 Rh4+ 54. Ke5 Rxh6 55. Kxd5 Rh2 56. Ra1 Be2 57. f4 Bf3+ 58. Ke5 Kg6 59. a6 Re2 60. d5 Rd2 61. Bd4 Rc2 62. a7 Rc8 63. a8=Q Rxa8 64. Rxa8 Be4 65. Rg8+ Kf7 66. Rg5 Ke7 67. Rg7+ 1-0


[Site "https://www.chess.com"]

[Event "Titled Tuesday Blitz May 9 Late 2023"]
[White "Mazurkiewicz, Michal"]
[Black "Bolourchifard, Farzad"]
[WhiteFideId "1124943"]
[BlackFideId "12510084"]
[WhiteElo "2054"]
[BlackElo "2317"]
[Result "1/2-1/2"]
[Round "03"]
[TimeControl "180+2"]
[Date "2023.05.09"]
[WhiteClock "0:00:05"]
[BlackClock "0:00:04"]

1. e4 e5 2. Nf3 Nc6 3. Bb5 a6 4. Bxc6 dxc6 5. O-O f6 6. d4 exd4 7. Nxd4 c5 8. Nb3 Qxd1 9. Rxd1 Bd7 10. Be3 b6 11. Nc3 O-O-O 12. a4 a5 13. Bf4 Ne7 14. Nb5 Bxb5 15. axb5 Ng6 16. Bg3 Be7 17. Kf1 Rhe8 18. f3 Nf8 19. Nd2 Bd6 20. Bxd6 Rxd6 21. Nc4 Rdd8 22. c3 Ne6 23. g3 Ng5 24. Ke2 Nf7 25. Rxd8+ Rxd8 26. Rd1 Rxd1 27. Kxd1 Ne5 28. Nxe5 fxe5 29. Kd2 c6 30. c4 cxb5 31. cxb5 Kc7 32. Kd3 g5 33. Kc4 Kd6 34. b3 Ke6 35. Kd3 Kd6 36. Kc4 h5 37. h4 gxh4 38. gxh4 Ke6 39. Kd3 Kd6 40. Kc4 Ke6 41. Kd3 Kf6 42. Ke3 Ke6 43. Kd3 1/2-1/2


[Site "https://www.chess.com"]

[Event "Titled Tuesday Blitz May 9 Late 2023"]
[White "merinasian"]
[Black "Gritsenko, Nikolai"]
[BlackFideId "14112493"]
[WhiteElo "2437"]
[BlackElo "2389"]
[Result "0-1"]
[Round "03"]
[TimeControl "180+2"]
[Date "2023.05.09"]
[WhiteClock "0:00:04"]
[BlackClock "0:00:10"]

1. d4 d5 2. Nf3 Nc6 3. g3 Bg4 4. Bg2 Qd7 5. O-O Bh3 6. c4 Bxg2 7. Kxg2 e6 8. Qa4 Nf6 9. Nc3 Be7 10. Bg5 h6 11. Bxf6 Bxf6 12. cxd5 exd5 13. Qb3 O-O-O 14. e3 g5 15. Na4 b6 16. Rac1 Na5 17. Qc2 Kb8 18. Nd2 h5 19. b4 Nb7 20. h3 Nd6 21. Nc5 Qc8 22. Rb1 Ka8 23. Nd3 Rhe8 24. a4 Qd7 25. a5 b5 26. Nc5 Qc6 27. a6 Nc4 28. Ndb3 g4 29. h4 Be7 30. Na5 Qg6 31. Qxg6 fxg6 32. Ne6 Rd7 33. Nf4 Rg8 34. Nc6 Bf8 35. Ne5 Nxe5 36. dxe5 Bg7 37. e6 Rd6 38. Nxg6 Rxe6 39. Nf4 Re5 40. Rfd1 Rd8 41. Rbc1 Rd7 42. Ng6 Re6 43. Nf4 Re5 44. Rc5 Bf8 45. Rcxd5 Rexd5 46. Rxd5 Rxd5 47. Nxd5 Kb8 48. Nf6 Bxb4 49. Nxh5 Bc3 50. Nf4 b4 51. Ne2 Bb2 52. e4 b3 53. f4 gxf3+ 54. Kxf3 Be5 55. Nc1 b2 56. Nd3 b1=Q 57. Nxe5 Qf1+ 58. Kg4 Qxa6 59. h5 Qe6+ 60. Kf4 Qf6+ 61. Kg4 Qxe5 0-1


[Site "https://www.chess.com"]

[Event "Titled Tuesday Blitz May 9 Late 2023"]
[White "mjelcic"]
[Black "Koziorowicz, Michal"]
[BlackFideId "21809194"]
[WhiteElo "2230"]
[BlackElo "2255"]
[Result "0-1"]
[Round "03"]
[TimeControl "180+2"]
[Date "2023.05.09"]
[WhiteClock "0:00:31"]
[BlackClock "0:02:42"]

1. c4 b5 2. cxb5 a6 3. d4 axb5 4. e4 Bb7 5. f3 e5 6. d5 Bc5 7. Bxb5 f5 8. Ne2 fxe4 9. fxe4 Qh4+ 10. Ng3 Nf6 11. Nc3 O-O 12. Qe2 Ng4 13. Qd3 Nf2 14. Qc4 d6 15. O-O Nxe4+ 16. Kh1 Nxg3# 0-1


[Site "https://www.chess.com"]

[Event "Titled Tuesday Blitz May 9 Late 2023"]
[White "Boder, Jan"]
[Black "Subelj, Jan"]
[WhiteFideId "16243226"]
[BlackFideId "14618583"]
[WhiteElo "2241"]
[BlackElo "2474"]
[Result "0-1"]
[Round "03"]
[TimeControl "180+2"]
[Date "2023.05.09"]
[WhiteClock "0:00:00"]
[BlackClock "0:00:46"]

1. c4 b6 2. Nc3 Bb7 3. e4 e5 4. d3 Nc6 5. g3 Bc5 6. Bg2 Nge7 7. Nf3 O-O 8. a3 a5 9. O-O d6 10. Rb1 Nd4 11. b4 axb4 12. axb4 Nxf3+ 13. Bxf3 Bd4 14. Nb5 Nc6 15. Bg2 Qe7 16. Kh1 Ra2 17. f4 Rfa8 18. f5 f6 19. Qg4 Ra1 20. Bh6 Rxb1 21. Rxb1 Ra1 22. Rxa1 Bxa1 23. Be3 Nxb4 24. Qd1 Bd4 25. Nxd4 exd4 26. Bxd4 Nc6 27. Bc3 Ne5 28. Bb2 Bc6 29. h3 Be8 30. g4 h6 31. Qb3 Kh7 32. d4 Nc6 33. Qc3 Bf7 34. Qd3 Na5 35. c5 bxc5 36. dxc5 Nc4 37. Bc1 dxc5 38. h4 Ne5 39. Qe2 c4 40. g5 fxg5 41. hxg5 hxg5 42. Bb2 Nd3 43. Bc3 Qa3 44. Bd4 Qc1+ 45. Kh2 Qf4+ 46. Kh1 g4 47. Bf1 g3 48. Qg2 Bh5 49. Qh3 Qxe4+ 50. Bg2 Qe1+ 51. Bf1 Kh6 52. f6 g2+ 53. Qxg2 Qh4+ 54. Kg1 Qxd4+ 55. Kh1 Qxf6 56. Qd2+ Qg5 57. Qh2 Qf4 0-1


[Site "https://www.chess.com"]

[Event "Titled Tuesday Blitz May 9 Late 2023"]
[White "Naroditsky, Daniel"]
[Black "Jovic, Stanoje"]
[WhiteFideId "2026961"]
[BlackFideId "905020"]
[WhiteElo "2633"]
[BlackElo "2236"]
[Result "1-0"]
[Round "03"]
[TimeControl "180+2"]
[Date "2023.05.09"]
[WhiteClock "0:02:43"]
[BlackClock "0:00:00"]

1. e4 c6 2. d4 d5 3. f3 e6 4. Nc3 Bb4 5. a3 Ba5 6. Bd3 Nf6 7. Ne2 O-O 8. O-O b5 9. e5 Nfd7 10. Ng3 a6 11. f4 f5 12. exf6 Nxf6 13. Kh1 Nbd7 14. Qe2 Re8 15. Bd2 c5 16. dxc5 Nxc5 17. Rae1 Bb7 18. b4 Nxd3 19. Qxd3 Bb6 20. Nce2 Ne4 21. Be3 Bxe3 22. Qxe3 Rc8 23. Nxe4 dxe4 24. Nd4 Qc7 25. f5 exf5 26. Nxf5 Re6 27. Qg5 Rf8 28. Nxg7 Rg6 29. Rxf8+ Kxf8 30. Qxg6 1-0


[Site "https://www.chess.com"]

[Event "Titled Tuesday Blitz May 9 Late 2023"]
[White "Jonkman, Harmen"]
[Black "Chigaev, Maksim"]
[WhiteFideId "1002708"]
[BlackFideId "4108116"]
[WhiteElo "2368"]
[BlackElo "2558"]
[Result "0-1"]
[Round "03"]
[TimeControl "180+2"]
[Date "2023.05.09"]
[WhiteClock "0:00:00"]
[BlackClock "0:00:05"]

1. d4 Nf6 2. Nf3 g6 3. Bf4 Bg7 4. e3 O-O 5. h3 c5 6. c3 d6 7. Nbd2 Nc6 8. dxc5 dxc5 9. Nc4 Be6 10. a4 Nd5 11. Bg3 a6 12. Be2 b5 13. axb5 axb5 14. Nce5 Nxe5 15. Bxe5 Bxe5 16. Nxe5 Qc7 17. Nf3 b4 18. cxb4 Nxb4 19. O-O Rad8 20. Qa4 Bd5 21. Rfc1 Bxf3 22. Bxf3 Qe5 23. Qa3 Rd2 24. Qa5 Rc8 25. b3 Kg7 26. Bb7 Rc7 27. Bf3 Rb2 28. Rab1 Ra2 29. Qb6 h5 30. Rc4 Nd3 31. Rf1 Qd6 32. Qb5 Ne5 33. Rf4 e6 34. Be4 g5 0-1


[Site "https://www.chess.com"]

[Event "Titled Tuesday Blitz May 9 Late 2023"]
[White "Rodshtein, Maxim"]
[Black "Khandelwal, Ankush"]
[WhiteFideId "2806851"]
[BlackFideId "413470"]
[WhiteElo "2555"]
[BlackElo "2263"]
[Result "1-0"]
[Round "03"]
[TimeControl "180+2"]
[Date "2023.05.09"]
[WhiteClock "0:00:07"]
[BlackClock "0:00:00"]

1. b3 e5 2. Bb2 Nc6 3. e3 Nf6 4. Nf3 d6 5. d4 e4 6. Nfd2 d5 7. c4 Ne7 8. Nc3 c6 9. Ba3 Nf5 10. Bxf8 Kxf8 11. b4 h5 12. Be2 Rh6 13. b5 Kg8 14. a4 h4 15. Qb3 Be6 16. c5 Nd7 17. a5 Qg5 18. Rg1 Nxe3 19. fxe3 Qxe3 20. Rf1 Qxd4 21. Ra4 Qxc5 22. Qb2 Ne5 23. Nb3 Qd6 24. Qd2 Re8 25. Nxe4 Qe7 26. Nec5 Bg4 27. Kd1 Nc4 28. Bxg4 Nxd2 29. Kxd2 Qe3+ 30. Kc2 d4 31. Rxd4 Rf6 32. Rxf6 gxf6 33. Rd3 Qf2+ 34. Rd2 Qe1 35. bxc6 bxc6 36. Bf3 Re5 37. Nd3 Qe3 38. Nxe5 Qxe5 39. Rd8+ Kg7 40. Rd4 h3 41. Rg4+ Kf8 42. gxh3 Qxh2+ 43. Rg2 Qxh3 44. Nd2 Qf5+ 45. Kc3 Qxa5+ 46. Kd3 Qa3+ 47. Ke2 c5 48. Rg4 a5 49. Rc4 a4 50. Bd5 Ke7 51. Re4+ Kd6 52. Bxf7 f5 53. Nc4+ Kc7 54. Re7+ Kd8 55. Re8+ Kd7 56. Nxa3 1-0


[Site "https://www.chess.com"]

[Event "Titled Tuesday Blitz May 9 Late 2023"]
[White "Grigoriants, Sergey"]
[Black "Moral Garcia, Serafin"]
[WhiteFideId "4130804"]
[BlackFideId "2201925"]
[WhiteElo "2502"]
[BlackElo "2274"]
[Result "1-0"]
[Round "03"]
[TimeControl "180+2"]
[Date "2023.05.09"]
[WhiteClock "0:00:33"]
[BlackClock "0:01:00"]

1. d4 Nf6 2. c4 g6 3. f3 Nc6 4. e4 e5 5. dxe5 Nxe5 6. Nc3 Bg7 7. Nh3 d6 8. Nf4 O-O 9. Be2 Be6 10. Nxe6 fxe6 11. O-O Qd7 12. Be3 a6 13. Rc1 Rab8 14. b4 Rfc8 15. f4 Nf7 16. c5 d5 17. exd5 exd5 18. Bd4 c6 19. Bxf6 Bxf6 20. Bg4 Qc7 21. Bxc8 Rxc8 22. Qd3 Nh6 23. Ne2 Nf5 24. Ng3 Nd4 25. Rce1 Rf8 26. f5 Qg7 27. fxg6 hxg6 28. Rf4 Be5 29. Rxf8+ Kxf8 30. Qe3 Nc2 31. Qxe5 Nxe1 32. Qxe1 Qd4+ 33. Qf2+ 1-0


[Site "https://www.chess.com"]

[Event "Titled Tuesday Blitz May 9 Late 2023"]
[White "TheKnightOfBosnia"]
[Black "Sattarov, Bobir"]
[BlackFideId "14203081"]
[WhiteElo "2487"]
[BlackElo "2351"]
[Result "0-1"]
[Round "03"]
[TimeControl "180+2"]
[Date "2023.05.09"]
[WhiteClock "0:00:07"]
[BlackClock "0:00:59"]

1. e4 e5 2. Nf3 Nc6 3. Bb5 a6 4. Ba4 Bc5 5. O-O Qf6 6. Nc3 Nge7 7. d3 h6 8. Be3 Ba7 9. Nd5 Nxd5 10. exd5 Ne7 11. Bxa7 Rxa7 12. Re1 O-O 13. Rxe5 d6 14. Re4 Nxd5 15. c3 Bf5 16. Re1 Bg4 17. Bb3 Nf4 18. Re3 Raa8 19. h3 Bxh3 20. gxh3 Rae8 21. Kh2 Qf5 22. Nd4 Qg5 23. Qg4 Rxe3 24. fxe3 Nxd3 25. Qxg5 hxg5 26. Rg1 Re8 27. Rxg5 Kf8 28. Rf5 Re7 29. Ne6+ Kg8 30. Ng5 Ne5 31. Kg3 g6 32. Rf1 Kg7 33. Ne4 f5 34. Nf2 Nd7 35. Re1 Nc5 36. Bc2 Kf6 37. e4 g5 38. b4 Nd7 39. h4 d5 40. hxg5+ Kxg5 41. Nh3+ Kf6 42. Nf4 c6 43. Rh1 fxe4 44. Rh6+ Kf5 45. Rh5+ Kf6 46. Rh6+ Kg7 47. Re6 Rf7 48. Bd1 Nf8 49. Nh5+ Kh7 50. Rf6 Rxf6 51. Nxf6+ Kg6 52. Ne8 Ne6 53. Nd6 b5 54. Bg4 Nc7 55. Kf4 Kf6 56. Bh5 Ke6 57. Nb7 Kd7 58. Bg4+ Ke7 59. Ke5 Na8 60. Nc5 Nb6 61. Nxa6 Nc4+ 62. Kd4 Kd6 63. Nc5 Na3 64. Bd1 Nc4 65. Bb3 Nd2 66. Bd1 Nc4 67. Be2 Na3 68. Nb7+ Kc7 69. Na5 Kd6 70. Nb7+ Kc7 71. Na5 Kb6 72. Bd1 Nb1 73. Bb3 Nd2 74. Bc2 Nf3+ 75. Ke3 Ne5 76. Nb3 Nc4+ 77. Kd4 Na3 78. Bd1 Kc7 79. Nd2 Kd6 80. Bb3 Kc7 81. Bd1 Kd6 82. Bg4 Nc2# 0-1


[Site "https://www.chess.com"]

[Event "Titled Tuesday Blitz May 9 Late 2023"]
[White "Gurevich, Dmitry"]
[Black "Remizov, Yaroslav"]
[WhiteFideId "2000407"]
[BlackFideId "34134015"]
[WhiteElo "2506"]
[BlackElo "2400"]
[Result "0-1"]
[Round "03"]
[TimeControl "180+2"]
[Date "2023.05.09"]
[WhiteClock "0:00:41"]
[BlackClock "0:01:15"]

1. d4 Nf6 2. c4 e6 3. Nf3 c5 4. d5 b5 5. dxe6 fxe6 6. cxb5 d5 7. g3 a6 8. bxa6 Bd6 9. Bg2 O-O 10. O-O Bxa6 11. Re1 Kh8 12. b3 Nc6 13. Bb2 e5 14. e4 Nb4 15. exd5 Nd3 16. Re2 Nxb2 17. Rxb2 e4 18. Ng5 Be5 19. Ne6 Qxd5 20. Qxd5 Nxd5 21. Nd2 Bxb2 22. Rb1 Rfe8 23. Bxe4 Nc3 24. Rxb2 Nxe4 25. Nc7 Nxd2 26. Rxd2 Re1+ 27. Kg2 Bb7+ 28. Kh3 Rf8 29. f4 h6 30. Kh4 Kh7 31. Rd7 Bc8 32. Rd6 Re2 33. h3 Rh2 34. g4 Rxf4 35. Kg3 Rhf2 36. Rd3 Bb7 0-1


[Site "https://www.chess.com"]

[Event "Titled Tuesday Blitz May 9 Late 2023"]
[White "Koutlas, Nikolaos"]
[Black "Fernandez Guillen, Ernesto J."]
[WhiteFideId "25827138"]
[BlackFideId "3512428"]
[WhiteElo "2215"]
[BlackElo "2429"]
[Result "0-1"]
[Round "03"]
[TimeControl "180+2"]
[Date "2023.05.09"]
[WhiteClock "0:00:04"]
[BlackClock "0:00:26"]

1. c4 e5 2. g3 Nc6 3. Bg2 f5 4. Nc3 Nf6 5. d3 d6 6. Nf3 g6 7. Rb1 Bg7 8. b4 O-O 9. O-O h6 10. b5 Ne7 11. a4 g5 12. a5 Rb8 13. b6 axb6 14. axb6 c6 15. c5 Ng6 16. cxd6 Qxd6 17. Qb3+ Be6 18. Ba3 Qd7 19. Qc2 Rf7 20. Na4 Qe8 21. Nc5 Bc8 22. e4 f4 23. d4 exd4 24. e5 Nxe5 25. Rfe1 Nfg4 26. h3 Nxf3+ 27. Bxf3 Ne5 28. Bh5 fxg3 29. fxg3 Bxh3 30. Nd3 Rf1+ 31. Rxf1 Qxh5 32. Nxe5 Bxf1 33. Qb3+ Kh7 34. Qc2+ d3 35. Nxd3 Bxd3 36. Qxd3+ Qg6 37. Rd1 Qxd3 38. Rxd3 Ra8 39. Bc1 Ra1 40. Rd1 Bb2 41. Rd7+ Kg6 42. Rxb7 0-1


[Site "https://www.chess.com"]

[Event "Titled Tuesday Blitz May 9 Late 2023"]
[White "Santos Ruiz, Miguel"]
[Black "koncheto"]
[WhiteFideId "22291482"]
[WhiteElo "2499"]
[BlackElo "2481"]
[Result "1-0"]
[Round "03"]
[TimeControl "180+2"]
[Date "2023.05.09"]
[WhiteClock "0:01:15"]
[BlackClock "0:01:22"]

1. e4 c5 2. Nf3 d6 3. d4 cxd4 4. Nxd4 Nf6 5. Nc3 Nc6 6. Bc4 e6 7. Be3 a6 8. Qe2 Qc7 9. Nxc6 bxc6 10. g4 d5 11. g5 Nd7 12. exd5 cxd5 13. Nxd5 Qc6 14. O-O-O Bd6 15. Bd4 O-O 16. Nf6+ gxf6 17. gxf6 Bb7 18. Qg4+ 1-0


[Site "https://www.chess.com"]

[Event "Titled Tuesday Blitz May 9 Late 2023"]
[White "Martic, Ivan"]
[Black "Klukin, Kirill"]
[WhiteFideId "929301"]
[BlackFideId "24199273"]
[WhiteElo "2360"]
[BlackElo "2344"]
[Result "0-1"]
[Round "03"]
[TimeControl "180+2"]
[Date "2023.05.09"]
[WhiteClock "0:00:11"]
[BlackClock "0:00:23"]

1. d4 e6 2. c4 d5 3. Nc3 Nf6 4. cxd5 exd5 5. Bg5 c6 6. e3 Bf5 7. Qf3 Bg6 8. Bxf6 Qxf6 9. Qxf6 gxf6 10. Nf3 a5 11. Nh4 a4 12. a3 Nd7 13. f4 Bc2 14. Rc1 Bb3 15. Nf5 b5 16. Bd3 Nb6 17. Kf2 Nc4 18. Bxc4 Bxc4 19. Rhd1 Kd7 20. e4 b4 21. axb4 Bxb4 22. exd5 cxd5 23. Ne3 Bb3 24. Ncxd5 Bxd1 25. Nb6+ Kd6 26. Nxa8 Bb3 27. Nb6 Rb8 28. Nbc4+ Kd7 29. Nd5 Be7 30. Ncb6+ Kd6 31. Nxe7 Kxe7 32. Rc6 Rb7 33. d5 Kd8 34. d6 Be6 35. Ke3 Bd7 36. Nxd7 Rb3+ 37. Ke4 Kxd7 38. Rc7+ Kxd6 39. Rxf7 Ke6 40. Rxh7 Rxb2 41. f5+ Kd6 42. Ra7 Rxg2 43. Ra6+ Ke7 44. Rxa4 Rg4+ 45. Kd5 Rxa4 0-1


[Site "https://www.chess.com"]